[Event "FIDE Women GP Monaco 2019"]
[Site "Monaco"]
[Date "2019.12.12"]
[Round "9.6"]
[White "Kosteniuk, Alexandra"]
[Black "Zhao, Xue"]
[Result "1/2-1/2"]
[ECO "C77"]
[WhiteElo "2483"]
[BlackElo "2485"]
[Annotator "ChessBase"]
[PlyCount "83"]
[EventDate "2019.12.03"]
[EventType "tourn"]
[EventCountry "MNC"]
[SourceTitle "playchess.com"]
[Source "ChessBase"]
[SourceQuality "1"]
[TimeControl "40/5400+30:1800+30"]

1. e4 e5 2. Nf3 Nc6 3. Bb5 a6 4. Ba4 Nf6 5. d4 exd4 6. O-O Be7 7. e5 Ne4 8. Nxd4 Nxd4 9. Qxd4 Nc5 10. Bb3 O-O 11. Nc3 d6 12. Bf4 dxe5 13. Qxe5 Bd6 14. Qd4 Nxb3 15. cxb3 Qh4 16. g3 Qh5 17. Bxd6 cxd6 18. Qxd6 Bg4 19. Qd5 Qxd5 20. Nxd5 Bf3 21. Nb6 Rad8 22. Rfe1 g5 23. Rac1 f6 24. Re7 Rd6 25. Nc4 Rd4 26. Ne3 Bc6 27. f3 Rd2 28. Nc4 Rd5 29. Kf2 Rfd8 30. g4 h5 31. Re2 Kf7 32. Ne3 Re5 33. h3 Rh8 34. Nf1 Ra5 35. a4 hxg4 36. hxg4 f5 37. Rce1 Rh3 38. Nd2 Rd5 39. Nc4 Rh2+ 40. Kg1 Rxe2 41. Rxe2 Kf6 42. Kf2 {[%emt 0:00:00] Ke5} 1/2-1/2

[Event "FIDE Women GP Monaco 2019"]
[Site "Monaco"]
[Date "2019.12.13"]
[Round "10.1"]
[White "Dzagnidze, Nana"]
[Black "Zhao, Xue"]
[Result "1/2-1/2"]
[ECO "B03"]
[WhiteElo "2520"]
[BlackElo "2485"]
[Annotator "ChessBase"]
[PlyCount "198"]
[EventDate "2019.12.03"]
[EventType "tourn"]
[EventCountry "MNC"]
[SourceTitle "playchess.com"]
[Source "ChessBase"]
[SourceQuality "1"]
[TimeControl "40/5400+30:1800+30"]

1. e4 Nf6 2. e5 Nd5 3. d4 d6 4. c4 Nb6 5. exd6 exd6 6. Nc3 Be7 7. Bd3 O-O 8. Nge2 Nc6 9. b3 Bg4 10. Be3 Bg5 11. O-O Bxe3 12. fxe3 Qe7 13. Qd2 Rae8 14. e4 f5 15. Ng3 Nxd4 16. Rae1 f4 17. Rxf4 Bd7 18. Nd5 Qd8 19. e5 Nxd5 20. Rxd4 Nb4 21. Be4 Nc6 22. Bxc6 Bxc6 23. c5 d5 24. h3 Re6 25. Rg4 Qe7 26. Qd4 Be8 27. Qxd5 c6 28. Qd4 Bg6 29. Kh2 Rd8 30. Qc4 Rd5 31. Rd4 Qxc5 32. Rxd5 Qxd5 33. Qf4 h6 34. Nf5 Bxf5 35. Qxf5 c5 36. h4 Re8 37. Re3 b5 38. Qh5 Re7 39. Qf5 Re8 40. Kh3 c4 41. bxc4 bxc4 42. h5 Qc5 43. Re2 c3 44. Qe4 a5 45. Kg3 Rc8 46. Rc2 Rd8 47. Rf2 Re8 48. Re2 Qb5 49. Kh3 Rc8 50. Qf5 Qc4 51. Rc2 Re8 52. Rf2 Qd5 53. Re2 Rf8 54. Qc2 Rc8 55. Qf5 Re8 56. Kg3 Qc4 57. Qg4 Qc5 58. Qe4 Rd8 59. Rc2 Rd5 60. Re2 Rd8 61. e6 Qxh5 62. e7 Re8 63. Qc4+ Kh7 64. Kf2 Qf5+ 65. Kg1 Qf6 66. Qd3+ Kg8 67. Qd5+ Kh8 68. Qd7 Qg6 69. Rf2 Kh7 70. Re2 c2 71. Qc7 Qd3 72. Qxc2 Qxc2 73. Rxc2 Rxe7 74. Rc5 a4 75. Rc4 a3 76. Rc3 Ra7 77. Kh2 Ra4 78. Kh3 h5 79. Rb3 Kg6 80. Rb5 Kh6 81. Kg3 Rg4+ 82. Kh3 Ra4 83. Kg3 g6 84. Kh3 Kg7 85. Rb6 Kh6 86. Rb5 Ra8 87. g4 Rd8 88. Rb3 Ra8 89. gxh5 Kxh5 90. Kg3 Ra5 91. Rf3 Kg5 92. Kh3 Ra4 93. Kg3 Kh5 94. Rc3 Rg4+ 95. Kh3 Rh4+ 96. Kg3 Rg4+ 97. Kh3 Rh4+ 98. Kg3 Rg4+ 99. Kh3 Rh4+ 1/2-1/2

[Event "FIDE Women GP Monaco 2019"]
[Site "Monaco"]
[Date "2019.12.13"]
[Round "10.2"]
[White "Harika, Dronavalli"]
[Black "Kosteniuk, Alexandra"]
[Result "0-1"]
[ECO "C44"]
[WhiteElo "2518"]
[BlackElo "2483"]
[Annotator "ChessBase"]
[PlyCount "80"]
[EventDate "2019.12.03"]
[EventType "tourn"]
[EventCountry "MNC"]
[SourceTitle "playchess.com"]
[Source "ChessBase"]
[SourceQuality "1"]
[TimeControl "40/5400+30:1800+30"]

1. e4 e5 2. Nf3 Nc6 3. d4 exd4 4. Nxd4 Nf6 5. Nxc6 bxc6 6. Bd3 d5 7. exd5 cxd5 8. O-O Be7 9. c4 Bb7 10. Nc3 d4 11. Ne2 Qd7 12. Ng3 g6 13. Re1 O-O-O 14. Bg5 Rhe8 15. a3 h5 16. b4 Ng4 17. Bxe7 Rxe7 18. Rxe7 Qxe7 19. Qe2 Qxe2 20. Nxe2 Ne5 21. Rd1 c5 22. Nc1 a5 23. bxa5 Ba6 24. Bf1 Kc7 25. Nb3 Kc6 26. f4 Bxc4 27. Nxc5 Kxc5 28. fxe5 d3 29. Kf2 Kd4 30. g4 hxg4 31. Bg2 Kc3 32. Rc1+ Kb2 33. Rxc4 d2 34. Rb4+ Ka2 35. a6 d1=Q 36. a7 Qd2+ 37. Kf1 Qe3 38. Bd5+ Rxd5 39. a8=Q Rd1+ 40. Kg2 Rg1# 0-1

[Event "FIDE Women GP Monaco 2019"]
[Site "Monaco"]
[Date "2019.12.13"]
[Round "10.3"]
[White "Paehtz, Elisabeth"]
[Black "Lagno, Kateryna"]
[Result "1/2-1/2"]
[ECO "A48"]
[WhiteElo "2475"]
[BlackElo "2547"]
[Annotator "ChessBase"]
[PlyCount "43"]
[EventDate "2019.12.03"]
[EventType "tourn"]
[EventCountry "MNC"]
[SourceTitle "playchess.com"]
[Source "ChessBase"]
[SourceQuality "1"]
[TimeControl "40/5400+30:1800+30"]

1. d4 Nf6 2. Nf3 g6 3. Bg5 Bg7 4. Nbd2 d5 5. e3 c5 6. c3 O-O 7. Be2 b6 8. O-O Bb7 9. Bh4 Nbd7 10. h3 h6 11. b4 Ne4 12. Nxe4 dxe4 13. Nd2 cxb4 14. cxb4 g5 15. Bg3 e5 16. Nc4 exd4 17. exd4 f5 18. Bd6 Rf6 19. Be5 Rf8 20. Bd6 Rf6 21. Be5 Rf8 22. Bd6 1/2-1/2

[Event "FIDE Women GP Monaco 2019"]
[Site "Monaco"]
[Date "2019.12.13"]
[Round "10.4"]
[White "Cramling, Pia"]
[Black "Koneru, Humpy"]
[Result "1/2-1/2"]
[ECO "E11"]
[WhiteElo "2461"]
[BlackElo "2574"]
[Annotator "ChessBase"]
[PlyCount "97"]
[EventDate "2019.12.03"]
[EventType "tourn"]
[EventCountry "MNC"]
[SourceTitle "playchess.com"]
[Source "ChessBase"]
[SourceQuality "1"]
[TimeControl "40/5400+30:1800+30"]

1. d4 Nf6 2. Nf3 e6 3. c4 Bb4+ 4. Nbd2 O-O 5. a3 Be7 6. e4 d6 7. Be2 Nfd7 8. b4 e5 9. d5 c6 10. O-O cxd5 11. cxd5 Nb6 12. Nb3 f5 13. Na5 fxe4 14. Nd2 Bf5 15. Nxb7 Qc8 16. Na5 Nxd5 17. Bc4 Be6 18. Qb3 Nc7 19. Bxe6+ Qxe6 20. Qxe6+ Nxe6 21. Nxe4 d5 22. Nc3 d4 23. Ne4 Rc8 24. Bd2 Nc6 25. Nxc6 Rxc6 26. Rfc1 Rac8 27. Rxc6 Rxc6 28. Rc1 Ra6 29. Ra1 Ra4 30. f3 Kf7 31. Nf2 Nc7 32. Nd3 Ke6 33. Kf1 Bd6 34. Nb2 Ra6 35. Ke2 Nd5 36. Nd3 Nf6 37. a4 Rc6 38. b5 Rc2 39. Ne1 Rc4 40. a5 e4 41. fxe4 Nxe4 42. Nf3 Kd5 43. b6 axb6 44. axb6 Nxd2 45. Nxd2 Rb4 46. Ra5+ Kc6 47. Kd3 Rxb6 48. Rh5 Rb2 49. Ke4 1/2-1/2

[Event "FIDE Women GP Monaco 2019"]
[Site "Monaco"]
[Date "2019.12.13"]
[Round "10.5"]
[White "Goryachkina, Aleksandra"]
[Black "Muzychuk, Anna"]
[Result "1/2-1/2"]
[ECO "D85"]
[WhiteElo "2572"]
[BlackElo "2537"]
[Annotator "ChessBase"]
[PlyCount "68"]
[EventDate "2019.12.03"]
[EventType "tourn"]
[EventCountry "MNC"]
[SourceTitle "playchess.com"]
[Source "ChessBase"]
[SourceQuality "1"]
[TimeControl "40/5400+30:1800+30"]

1. d4 Nf6 2. c4 g6 3. Nc3 d5 4. Nf3 Bg7 5. cxd5 Nxd5 6. e4 Nxc3 7. bxc3 c5 8. h3 O-O 9. Be3 e6 10. Be2 b6 11. h4 Bb7 12. e5 cxd4 13. cxd4 Nc6 14. h5 Qd5 15. hxg6 hxg6 16. Rc1 Rad8 17. Bc4 Qa5+ 18. Kf1 Nxe5 19. Nxe5 Bxe5 20. Bd2 Rxd4 21. Bxa5 Rxd1+ 22. Rxd1 bxa5 23. Rh3 Rc8 24. Bb3 Bc6 25. Re3 Bb5+ 26. Kg1 Rc5 27. a4 Bc6 28. Re2 Kf8 29. Rc2 Rxc2 30. Bxc2 Ke7 31. Bb3 Bc7 32. Rc1 Kd7 33. Rxc6 Kxc6 34. Bc4 Kc5 1/2-1/2

[Event "FIDE Women GP Monaco 2019"]
[Site "Monaco"]
[Date "2019.12.13"]
[Round "10.6"]
[White "Gunina, Valentina"]
[Black "Muzychuk, Mariya"]
[Result "1/2-1/2"]
[ECO "D43"]
[WhiteElo "2492"]
[BlackElo "2559"]
[Annotator "ChessBase"]
[PlyCount "97"]
[EventDate "2019.12.03"]
[EventType "tourn"]
[EventCountry "MNC"]
[SourceTitle "playchess.com"]
[Source "ChessBase"]
[SourceQuality "1"]
[TimeControl "40/5400+30:1800+30"]

1. d4 Nf6 2. c4 e6 3. Nf3 d5 4. Nc3 c6 5. Bg5 h6 6. Bxf6 Qxf6 7. e3 g6 8. Ne5 Bg7 9. f4 O-O 10. cxd5 exd5 11. Bd3 c5 12. O-O Nc6 13. Nxd5 Qd6 14. e4 Nxd4 15. Nc4 Qd8 16. Nce3 Be6 17. Rc1 Rc8 18. Qa4 f5 19. Kh1 a5 20. Qa3 b6 21. exf5 gxf5 22. Nc3 Kh8 23. Qa4 Qe7 24. Qd1 Qf7 25. b3 Rcd8 26. Rf2 Rfe8 27. Nf1 a4 28. Nxa4 Nxb3 29. axb3 Bxb3 30. Qf3 Bxa4 31. Ng3 Bd7 32. Qb7 Bd4 33. Re2 Be3 34. Rce1 Bxf4 35. Qxb6 Bxg3 36. Qxh6+ Qh7 37. Rxe8+ Rxe8 38. Rxe8+ Bxe8 39. Qf8+ Qg8 40. Qh6+ Qh7 41. Qf8+ Qg8 42. Qxc5 Bb8 43. Qd4+ Qg7 44. Qh4+ Kg8 45. Qc4+ Qf7 46. Qxf7+ Kxf7 47. Bxf5 Bc6 48. Bg4 Kf6 49. Bf3 1/2-1/2